 Dungeon Crawl Stone Soup version 0.27-a0-1144-g0b7d3b79db (webtiles) character file.

Game seed: 13834862152775318377

11 neco the Firebug (level 2, -1/18 HPs)
             Began as an Octopode Fire Elementalist on May 10, 2021.
             Was an Initiate of Ru.
             Slain by a goblin
             ... wielding a +0 dagger
              (4 damage)
             ... on level 1 of the Dungeon.
             The game lasted 00:12:05 (777 turns).

neco the Firebug (Octopode Fire Elementalist)        Turns: 777, Time: 00:12:06

Health: -1/18      AC:  1    Str:  7    XL:     2   Next: 25%
Magic:  5/5        EV: 10    Int: 17    God:    Ru [......]
Gold:   24         SH:  6    Dex: 12    Spells: 4/5 levels left

rFire    . . .     SeeInvis .   (no weapon)
rCold    . . .     Faith    .   h - +0 kite shield
rNeg     . . .     Spirit   .   (helmet restricted)
rPois    .         Reflect  .   (no amulet)
rElec    .         Harm     .   (no ring)
rCorr    .         Rampage  .   (no ring)
Will     .....                  (no ring)
Stlth    +++.......             (no ring)
HPRegen  0.06/turn              (no ring)
MPRegen  0.09/turn              (no ring)
                                (no ring)
                                (no ring)

@: no status effects
A: almost no armour, amphibious, 8 rings, camouflage 1, gelatinous body 1,
(nimble swimmer 1), tentacles
a: Renounce Religion, Sacrifice Love, Sacrifice Nimbleness, Sacrifice Skill,
Reject Sacrifices


You were on level 1 of the Dungeon.
You worshipped Ru.
Ru was noncommittal.
You visited 1 branch of the dungeon, and saw 1 of its levels.

You collected 24 gold pieces.

Inventory:

Hand Weapons
 a - a +0 dagger
 b - a +0 hunting sling
 c - a +0 dagger
 e - a +0 club
Armour
 f - a +0 robe
 h - a +0 kite shield (worn)
Scrolls
 d - a scroll of fear {unknown}
Potions
 g - 2 potions of brilliance {unknown}


   Skills:
 + Level 0.4 Fighting
 + Level 2.1 Dodging
 + Level 2.9 Stealth
 + Level 2.1 Spellcasting
 + Level 1.0 Conjurations
 + Level 3.2 Fire Magic


You had 4 spell levels left.
You knew the following spells:

 Your Spells              Type           Power      Damage    Failure   Level
a - Foxfire               Conj/Fire      36%        2x1d5     50%         1

Your spell library contained the following spells:

 Spells                   Type           Power      Damage    Failure   Level
 Conjure Flame            Conj/Fire      9%         6-21      86%         3
 Inner Flame              Hex/Fire       7%         N/A       90%         3
 Sticky Flame             Conj/Fire      9%         2d3       99%         4
 Fireball                 Conj/Fire      4%         3d4       100%        5


Dungeon Overview and Level Annotations

Branches:
Dungeon (1/15)

Altars:
Ru


Innate Abilities, Weirdness & Mutations

You cannot wear most types of armour.
You are amphibious.
You can wear up to eight rings at the same time.
Your skin changes colour to match your surroundings (Stealth+).
Your rubbery body absorbs attacks. (AC +1, EV +1)
((You are camouflaged near water. (Stealth+)))
You have tentacles for arms and can constrict up to eight enemies at once.


Message History

Found a stone staircase leading down.
Found a stone staircase leading down.
You see here a +0 kite shield.
h - a +0 kite shield You start putting on your armour.
You continue putting on your +0 kite shield. x4
You finish putting on your +0 kite shield.
A rat comes into view.
You now have 24 gold pieces (gained 18).
A dart slug comes into view.
There is a stone staircase leading down here.
A goblin comes into view. It is wielding a +0 dagger.
The dart slug launches a dart at you. The slug dart hits you.
The dart slug launches a dart at you. The slug dart hits you!
Casting: Foxfire (safe; 50% risk of failure)
Confirm with . or Enter, or press ? or * to list all spells.
You miscast Foxfire.
You are very lightly contaminated with residual magic.
Nothing appears to happen.
Casting: Foxfire (safe; 50% risk of failure)
Confirm with . or Enter, or press ? or * to list all spells.
You miscast Foxfire.
Nothing appears to happen.
Casting: Foxfire (safe; 50% risk of failure)
Confirm with . or Enter, or press ? or * to list all spells.
You conjure some foxfire!
You are too injured to fight recklessly!
You are too injured to fight recklessly!
Your foxfire dissipates!
The foxfire hits the dart slug.
The dart slug is moderately wounded.
The goblin shouts!
The dart slug launches a dart at you. The slug dart hits you.
* * * LOW HITPOINT WARNING * * *
Your magical contamination has completely faded away.
You see here a ball python skeleton.
The goblin hits you with a +0 dagger.
You die...

.##..# #†###
#.#..# #.#
##.. #.# ###
#.# ########
#.# #.'...#.#
## # #.#
#.#...##.###.
#.#
#.##...##....
#.#
#..#...'....#
#@#
#.#########..
##g# ##.##
##.
#..###...##
#.
#.###.....#
#.
#.#.......#
#.
#.#.#.....#
#####.
#.#.##...##
#.....
#.#.##.###
#.#### ##
#.#.##.# #.#


You could see a goblin.

Vanquished Creatures
  A ball python (D:1)
  An endoplasm (D:1)
  2 goblins (D:1)
  A kobold (D:1)
  A quokka (D:1)
  2 bats (D:1)
  2 rats (D:1)
10 creatures vanquished.

Vanquished Creatures (others)
  14 foxfires (D:1)
14 creatures vanquished.

Grand Total: 24 creatures vanquished

Notes
Turn   | Place    | Note
-------+----------+-------------------------------------------
     0 | D:1      | neco the Octopode Fire Elementalist began the quest for the
                  | Orb.
     0 | D:1      | Reached XP level 1. HP: 11/11 MP: 3/3
    87 | D:1      | Found a faded altar of an unknown god.
    96 | D:1      | Became a worshipper of Ru the Awakened
   351 | D:1      | Reached XP level 2. HP: 11/18 MP: 1/5
   777 | D:1      | Slain by a goblin

Illustrated notes

Levels and vault maps discovered:
D:1:      dpeg_arrival_round_c, layout_loops_ring,
          shapermc_ecumenical_altar_starsandcircs, kennysheep_nondescript

Action                   || total
-------------------------++-------
Melee: Unarmed           ||    13
       Constrict         ||     6
       Tentacles         ||     3
 Cast: Foxfire           ||    11
Armor: Skin              ||     3
Dodge: Dodged            ||    18

Table legend: (Time is in decaauts)
 A = Elapsed time spent in this place.
 B = Non-inter-level travel time spent in this place.
 C = Inter-level travel time spent in this place.
 D = Time resting spent in this place.
 E = Time spent auto-exploring this place.
 F = Levels seen in this place.
 G = Mean time per level.
                   A        B        C        D        E       F      G
               +--------+--------+--------+--------+--------+-----+--------+
         Total |    777 |    777 |      0 |      0 |      0 |   1 |  777.0 |
       Dungeon |    777 |    777 |      0 |      0 |      0 |   1 |  777.0 |
               +--------+--------+--------+--------+--------+-----+--------+

Top non-repeatable levels by time:
     D:1: 777 daAuts
